 Dungeon Crawl Stone Soup version 0.20-a0-1116-gaa52201 (webtiles) character file.

40924 FastMan the Severer (level 14, -8/96 HPs)
             Began as a Gargoyle Berserker on May 8, 2017.
             Was a High Priest of Trog.
             Mangled by a dire elephant (9 damage)
             ... on level 6 of the Lair of Beasts.
             The game lasted 00:14:32 (15943 turns).

FastMan the Severer (Gargoyle Berserker)           Turns: 15943, Time: 00:14:32

Health: -8/96      AC: 29    Str: 26    XL:     14   Next: 13%
Magic:  4/4        EV: 10    Int:  8    God:    Trog [*****.]
Gold:   958        SH:  0    Dex:  9    Spells: 13/13 levels left

rFire    . . .     SeeInvis .   O - +1 broad axe (antimagic)
rCold    . . .     Gourm    .   (no shield)
rNeg     + . .     Faith    .   x - +1 plate armour
rPois    ∞         Spirit   .   s - +0 helmet
rElec    +         Reflect  .   H - +0 cloak
rCorr    .         Harm     +   (no gloves)
MR       +....                  L - +0 pair of boots
Stlth    ..........             o - amulet of harm
Regen    0.3/turn               p - +5 ring of protection
MPRegen  0.1/turn               v - +3 ring of evasion

@: flying, slowed, very slow
A: big wings, negative energy resistance 1, electricity resistance, unbreathing,
petrification resistance, rot immunity, AC +9
a: Stop Flying, Berserk, Trog's Hand, Brothers in Arms, Burn Spellbooks,
Renounce Religion


You were on level 6 of the Lair of Beasts.
You worshipped Trog.
Trog was extremely pleased with you.
You were near starving.

You visited 3 branches of the dungeon, and saw 17 of its levels.

You collected 958 gold pieces.

Inventory:

Hand Weapons
 a - a +0 hand axe
 t - a +0 war axe
 O - a +1 antimagic broad axe (weapon)
Armour
 s - a +0 helmet (worn)
 x - a +1 plate armour (worn)
 H - a +0 cloak (worn)
 L - a +0 pair of boots (worn)
Jewellery
 f - an uncursed ring of fire
 i - an uncursed ring of see invisible
 o - an amulet of harm (around neck)
 p - a +5 ring of protection (left hand)
 v - a +3 ring of evasion (right hand)
Scrolls
 e - 8 scrolls of remove curse {@r2}
 g - 4 scrolls of immolation
 h - 9 scrolls of enchant armour
 k - 4 scrolls of recharging
 m - 8 scrolls of teleportation {@r3}
 n - a scroll of vulnerability {unknown}
 r - 3 scrolls of fog
 y - 2 scrolls of identify {@r1}
 D - a scroll of magic mapping {unknown}
 J - 3 scrolls of random uselessness {unknown}
 M - a scroll of brand weapon {unknown}
 P - a scroll of enchant weapon {unknown}
Potions
 l - 3 potions of invisibility
 q - 3 potions of flight
 u - 2 potions of heal wounds {@q2}
 w - 2 potions of degeneration
 z - 5 potions of haste {@q3}
 A - 3 potions of mutation
 B - 3 potions of agility {@q5}
 C - a potion of ambrosia {unknown}
 E - 2 potions of might {@q4}
 F - a potion of cancellation
 G - 2 potions of brilliance {@q6}
 I - a potion of berserk rage {unknown}
 K - a potion of magic
 N - 5 potions of curing {@q1}
Comestibles
 b - 5 fruits {@e4}
 c - 5 bread rations {@e1}
 d - 8 meat rations {@e2}
 j - 6 royal jellies {@e3}


   Skills:
 + Level 14.9 Fighting
 * Level 17.2 Axes
 - Level 2.1 Armour
 - Level 1.5 Dodging


You had 13 spell levels left.
You didn't know any spells.

Dungeon Overview and Level Annotations

Branches:
Dungeon (10/15)            Temple (1/1) D:7            Lair (6/6) D:10
  Swamp (0/4) Lair:3       Spider (0/4) Lair:4
  Slime: Lair:5-6       Orc: D:9-12

Altars:
Ashenzari
Cheibriados
Dithmenos
Elyvilon
Fedhas
Gozag
Hepliaklqana
Kikubaaqudgha
Makhleb
Okawaru
Qazlal
Ru
Sif Muna
Trog
Uskayaw
Vehumet
Wu Jian
Xom
Yredelemnul
Zin
The Shining One

Shops:
D:8 *

Annotations:
Lair:3 exclusion: oklob plant


Innate Abilities, Weirdness & Mutations

You are resistant to torment.
Your stone body is resilient. (AC +9)
You are immune to poison.
Your large and strong wings let you fly indefinitely.
You resist negative energy. (rN+)
You are resistant to electric shocks. (rElec)
You can survive without breathing.
You are immune to petrification.
You are immune to rotting.


Message History

The dire elephant tramples you!
You are shoved backwards!
You are too injured to fight recklessly!
You are too injured to fight recklessly!
You are too injured to fight recklessly!
The dire elephant tramples you!!
* * * LOW HITPOINT WARNING * * *
You are shoved backwards!
You see here a runed battleaxe {god gift}.
Your skin stops crawling.
You feel less resistant to hostile enchantments.
Okay, then.
Okay, then.
Okay, then.
Your ogre goes berserk!
You are near starving!
The wind drake exhales a fierce blast of wind!
Your ogre is blown away by the wind.
The dire elephant tramples you!!
* * * LOW HITPOINT WARNING * * *
You hold your ground!
The dire elephant trunk-slaps you!
You die...

#P.†...≈≈≈≈P≈≈≈#
##.......≈≈≈≈≈≈≈#
#P.......#.≈.≈≈≈#
##........#≈≈≈≈≈# ≈
####.....≈≈≈≈≈P≈≈# P≈
##........≈≈≈≈≈≈≈≈# #≈≈≈
P#.#P.....≈.O≈#≈≈8# ≈≈≈≈.
.......(..≈#.≈.########...#
..........≈≈≈≈≈P@Y†≈≈Y≈##≈≈≈
......†...≈≈P≈≈≈†k†≈≈≈≈≈≈≈≈≈≈
...........##≈≈##≈≈#.≈≈.#≈≈..
...........#.≈≈#.≈≈.#≈≈## ≈##
..P.^.....≈......≈≈≈≈.P≈.
#....#..##..#.#.≈#P≈≈P.P#..
#P#########...########≈## #
## ##### ##


You could see a dire elephant, an elephant, a wind drake and a friendly ogre
(berserk).

Vanquished Creatures
  2 hydras (Lair:6)
  Erica (Lair:2)
  A two-headed ogre (D:8)
  Nergalle (D:10)
  The ghost of face the Ducker, a novice MiVM of Cheibriados (D:9)
  The ghost of erog the Zephyrmancer, a novice TeAE of Vehumet (D:8)
  An oklob plant (Lair:3)
  A manticore (Lair:6)
  An ugly thing (D:8)
  2 centaur zombies (D:10)
  A gargoyle (D:10)
  7 elephants
  A black mamba (Lair:4)
  9 spiny frogs
  2 rime drakes (Lair:6)
  10 komodo dragons
  2 hornets
  10 polar bears
  Grinder (D:4)
  17 blink frogs
  10 hippogriffs
  Sigmund (D:5)
  43 yaks
  2 wyverns
  4 basilisks
  Menkaure (D:6)
  Edmund (D:4)
  15 water moccasins
  11 porcupines
  A sky beast (D:9)
  An orc warrior (D:8)
  2 phantoms
  8 black bears
  An ice beast (D:5)
  5 ogres
  12 wolves
  A centaur (D:6)
  11 crocodiles
  9 bullfrogs
  5 scorpions
  4 howler monkeys
  2 crimson imps
  A quasit (D:9)
  2 bullfrog zombies
  8 hounds
  2 jellies
  4 orc priests
  A centaur skeleton (D:6)
  4 bullfrog skeletons
  Jessica (D:2)
  4 iguanas
  Natasha (thrice) (D:4)
  2 orc wizards (D:8)
  6 worker ants
  A hound zombie (D:5)
  A hound skeleton (D:4)
  Robin (D:2)
  7 gnolls (D:6)
  6 adders
  2 oozes
  An adder skeleton (D:9)
  2 worms
  4 dart slugs
  5 leopard geckos
  36 orcs
  2 ball pythons
  5 bats
  12 giant cockroaches
  2 gnoll zombies (D:3)
  16 goblins
  10 hobgoblins
  7 jackals
  5 quokkas
  7 frilled lizards
  7 kobolds
  A quokka skeleton (D:8)
  15 rats
  A bush (Lair:3)
  3 fungi
  4 plants
423 creatures vanquished.

Vanquished Creatures (collateral kills)
  2 hydras
  The ghost of shmesh the Spear-Bearer, a journeyman DsGl of Fedhas (D:10)
  Harold (D:10)
  A komodo dragon (Lair:1)
  A rime drake (Lair:4)
  A blink frog (Lair:5)
  4 yaks
  A crocodile (Lair:1)
  A bullfrog (Lair:1)
  An iguana (D:10)
  An adder skeleton (D:10)
  2 orcs (D:10)
17 creatures vanquished.

Vanquished Creatures (others)
  6 fungi
  3 plants
9 creatures vanquished.

Grand Total: 449 creatures vanquished

Notes
Turn   | Place    | Note
-------+----------+-------------------------------------------
     0 | D:1      | FastMan the Gargoyle Berserker began the quest for the Orb.
     0 | D:1      | Reached XP level 1. HP: 14/14 MP: 1/1
   152 | D:1      | Reached XP level 2. HP: 17/20 MP: 2/2
   189 | D:1      | Reached skill level 3 in Axes
   439 | D:1      | Reached XP level 3. HP: 22/24 MP: 3/3
   806 | D:1      | Reached ** piety under Trog
  1046 | D:2      | Noticed Jessica
  1053 | D:2      | Killed Jessica
  1053 | D:2      | Reached XP level 4. HP: 29/29 MP: 4/4
  1310 | D:2      | Noticed Robin
  1322 | D:2      | Reached skill level 4 in Axes
  1324 | D:2      | Killed Robin
  1542 | D:2      | Found a hazy altar of Hepliaklqana.
  1856 | D:3      | Reached *** piety under Trog
  1856 | D:3      | Reached XP level 5. HP: 32/34 MP: 5/5
  1883 | D:3      | Found a sacrificial altar of Ru.
  2209 | D:3      | Found a blossoming altar of Fedhas.
  2702 | D:3      | Reached skill level 5 in Fighting
  2716 | D:3      | Found an opulent altar of Gozag.
  2742 | D:3      | Reached skill level 5 in Axes
  2742 | D:3      | Reached XP level 6. HP: 28/40 MP: 6/6
  3028 | D:3      | Found a basalt altar of Yredelemnul.
  3087 | D:4      | Noticed Natasha
  3097 | D:4      | Killed Natasha
  3123 | D:4      | Noticed Natasha
  3130 | D:4      | Killed Natasha
  3142 | D:4      | Noticed Natasha
  3149 | D:4      | Killed Natasha
  3326 | D:4      | Noticed Grinder
  3336 | D:4      | Killed Grinder
  3336 | D:4      | Reached skill level 6 in Axes
  3336 | D:4      | Reached XP level 7. HP: 45/45 MP: 7/7
  3689 | D:4      | Noticed Edmund
  3711 | D:4      | Killed Edmund
  4088 | D:4      | Reached skill level 7 in Axes
  4088 | D:4      | Reached XP level 8. HP: 51/52 MP: 8/8
  4170 | D:5      | Entered Level 5 of the Dungeon
  4258 | D:5      | Reached **** piety under Trog
  4505 | D:5      | Found a burning altar of Makhleb.
  4562 | D:5      | Noticed Sigmund
  4570 | D:5      | Killed Sigmund
  4570 | D:5      | Reached skill level 8 in Axes
  4826 | D:6      | Found an iron altar of Okawaru.
  4829 | D:6      | Noticed Menkaure
  4839 | D:6      | Killed Menkaure
  4839 | D:6      | Reached XP level 9. HP: 59/59 MP: 9/9
  5061 | D:6      | Found a hide-covered altar of Uskayaw.
  5235 | D:6      | Found a shadowy altar of Dithmenos.
  5246 | D:6      | Reached skill level 9 in Axes
  5741 | D:6      | Found a radiant altar of Vehumet.
  5741 | D:6      | Found a deep blue altar of Sif Muna.
  6001 | D:7      | Found a staircase to the Ecumenical Temple.
  6002 | D:7      | Noticed a hornet
  6020 | D:7      | Killed a hornet
  6031 | Temple   | Entered the Ecumenical Temple
  6613 | D:7      | Reached skill level 10 in Axes
  6711 | D:7      | Found a shattered altar of Ashenzari.
  6781 | D:7      | Found a white marble altar of Elyvilon.
  6984 | D:8      | Noticed erog's ghost (novice TeAE)
  6995 | D:8      | Killed erog's ghost
  7045 | D:8      | Reached XP level 10. HP: 66/66 MP: 10/10
  7205 | D:8      | Noticed a two-headed ogre
  7220 | D:8      | Killed a two-headed ogre
  7220 | D:8      | Reached skill level 11 in Axes
  7321 | D:8      | Found Piygiann's Wicked Wares.
  7322 | D:8      | Found an ancient bone altar of Kikubaaqudgha.
  7445 | D:8      | You fall through a shaft!
  7463 | D:9      | Reached skill level 10 in Fighting
  7477 | D:9      | Reached ***** piety under Trog
  7550 | D:8      | Noticed a purple ugly thing
  7565 | D:8      | Killed a purple ugly thing
  7848 | D:9      | Noticed face's ghost (novice MiVM)
  7880 | D:9      | Killed face's ghost
  7880 | D:9      | Reached skill level 12 in Axes
  8139 | D:10     | Entered Level 10 of the Dungeon
  8139 | D:10     | Noticed Nergalle
  8154 | D:10     | Killed Nergalle
  8154 | D:10     | Reached XP level 11. HP: 74/74 MP: 11/11
  8168 | D:10     | Noticed Harold
  8178 | D:10     | Killed Harold
  8521 | D:10     | Noticed a five-headed hydra
  8556 | D:10     | Killed a 13-headed hydra
  8556 | D:10     | Reached skill level 13 in Axes
  8824 | D:10     | Found a staircase to the Lair.
  9292 | D:10     | Noticed shmesh's ghost (journeyman DsGl)
  9326 | D:10     | Killed shmesh's ghost
  9573 | Lair:1   | Entered Level 1 of the Lair of Beasts
 10018 | Lair:1   | Reached XP level 12. HP: 80/81 MP: 12/12
 10041 | Lair:1   | Reached skill level 14 in Axes
 11151 | Lair:2   | Noticed Erica
 11164 | Lair:2   | Killed Erica
 11535 | Lair:2   | Reached skill level 15 in Axes
 12076 | Lair:3   | Found a staircase to the Swamp.
 12452 | Lair:3   | Reached XP level 13. HP: 64/88 MP: 13/13
 13786 | Lair:4   | Found a hole to the Spider Nest.
 13846 | Lair:4   | Received a gift from Trog
 13898 | Lair:4   | Reached skill level 16 in Axes
 15652 | Lair:6   | Entered Level 6 of the Lair of Beasts
 15794 | Lair:6   | Gained mutation: Your large and strong wings let you fly indefinitely. [Gargoyle growth]
 15794 | Lair:6   | Reached XP level 14. HP: 96/96 MP: 4/14
 15914 | Lair:6   | Reached skill level 17 in Axes
 15934 | Lair:6   | Noticed a dire elephant
 15935 | Lair:6   | Received a gift from Trog
 15943 | Lair:6   | HP: 1/96 [dire elephant (22)]
 15943 | Lair:6   | Mangled by a dire elephant

Vault maps used:
D:1:      dpeg_arrival_prison
D:2:      nicolae_overflow_hidden_temple, first_bread, uniq_jessica, uniq_robin
D:3:      nicolae_overflow_crystal_walls, old_standard_altar,
          lemuel_zombie_altar_yredelemnul, hangedman_ru_absence
D:4:      wad_floor_pattern_2, minmay_misc_feat_square,
          hangedman_decor_peaks_small, uniq_natasha, uniq_grinder, uniq_edmund
D:5:      serial_bayou_pond_a, bloody_makhleb, uniq_sigmund
D:6:      lemuel_crystal_altar, lemuel_coloured_pillars_altar,
          gammafunk_temple_overflow_elements, basic_altar, grunt_ministairs_14,
          okawaru_metal_pillars_1_2, uniq_menkaure
D:7:      ashenzari_altar_1, old_standard_altar, minmay_temple_entry_large_hall
D:8:      nicolae_evil_shop
D:10:     lair_entry_dummy, uniq_nergalle, uniq_harold
Temple:   minmay_temple_forest_path
Lair:1:   beast_lair_carwin_large_1, hangedman_lair_unloving_vines,
          minivault_11, st_stairs_4
Lair:2:   beast_lair_carwin_large_2, infiniplex_staircase_pool, uniq_erica
Lair:3:   swamp_mist, minmay_lair_oklob_items, infiniplex_staircase_pool_2
Lair:4:   nicolae_spider_entry_non_spiders, serial_bayou_pond_d
Lair:5:   small_statue_intersection, serial_bayou_shore_b
Lair:6:   gammafunk_lair_ancient_temple, slime_altar_2, grunt_megastairs_2

Skill      XL: |  1  2  3  4  5  6  7  8  9 10 11 12 13 14 |
---------------+-------------------------------------------+-----
Axes           | 3 4 5 6 7 8 10 12 13 15 16 17 | 17.2
Fighting       | 4 5 6 7 9 11 12 13 14 | 14.9
Armour         | |  2.1
Dodging        | |  1.5

Action                   |  1- 3 |  4- 6 |  7- 9 | 10-12 | 13-15 || total
-------------------------+-------+-------+-------+-------+-------++-------
Melee: Hand axe          |   108 |   227 |   411 |   236 |       ||   982
       War axe           |       |       |       |   367 |   125 ||   492
       Broad axe         |       |       |       |       |   195 ||   195
Invok: Berserk           |     2 |     6 |    13 |    19 |     9 ||    49
       Trog's Hand       |       |     1 |       |     1 |     2 ||     4
       Brothers in Arms  |       |       |       |     4 |     3 ||     7
       Burn Spellbooks   |       |       |       |     1 |       ||     1
 Abil: Fly               |       |       |       |       |     1 ||     1
  Use: Scroll            |       |     3 |    13 |     5 |     3 ||    24
  Eat: Chunk             |     1 |    14 |    23 |    28 |    13 ||    79
       Bread ration      |       |       |     1 |     2 |     1 ||     4
Armor: Animal skin       |     9 |       |       |       |       ||     9
       Ring mail         |    41 |    94 |       |       |       ||   135
       Plate armour      |       |     4 |   247 |   551 |   361 ||  1163
Dodge: Dodged            |    72 |   131 |   156 |   194 |   177 ||   730
